Map: 2000 Atmospheres LE

Players

A.I. 1 (Medium) - Winner!

  • Race: Zerg Zerg

SteazyD

  • Race: Terran Terran
  • League: Platinum

VOD

Have the link to the VOD?

Description

Time

  • Played on: April 29, 2021, 7:08 p.m.
  • Length: 11:21
Show
View Real Time Build Order
Export as new Build Order

A.I. 1 (Medium) Zerg - Winner!

Build Orders: Hatch First 

Get SALT Encoding   

  12  0:00  Drone  
  13  0:12  Overlord  
  13  0:16  Drone  
  14  0:31  Drone  
  14  0:33  Drone  
  16  0:36  Drone  
  17  0:53  Hatchery  
  17  0:56  Drone  
  17  1:11  Spawning Pool  
  17  1:13  Drone  
  17  1:16  Drone  
  18  1:20  Extractor  
  18  1:21  Drone  
  18  1:28  Overlord  
  18  1:59  Zergling x4, Queen  
  18  2:00  Drone, Roach Warren  
  22  2:02  Extractor  
  22  2:04  Drone  
  22  2:35  Overlord  
  22  2:39  Drone  
  22  2:40  Roach  
  25  2:50  Drone  
  26  2:53  Extractor  
  26  2:55  Extractor  
  26  2:56  Drone  
  25  2:58  Lair  
  25  2:59  Roach  
  27  3:11  Drone  
  28  3:14  Drone  
  28  3:17  Roach  
  28  3:18  Drone  
  32  3:22  Drone  
  32  3:25  Drone  
  34  3:31  Overlord  
  34  3:36  Drone, Roach  
  34  3:39  Drone  
  38  3:42  Drone  
  38  3:46  Drone  
  40  3:55  Ravager  
  41  3:59  Hydralisk Den  
  40  4:05  Drone  
  40  4:08  Drone  
  42  4:13  Overlord  
  42  4:17  Drone  
  42  4:20  Drone  
  42  4:23  Drone  
  45  4:26  Drone  
  45  4:28  Hydralisk  
  45  4:29  Drone  
  49  4:32  Drone  
  49  4:35  Drone  
  51  4:39  Drone  
  51  4:43  Overlord  
  52  4:46  Drone, Hydralisk  
  52  4:49  Drone  
  52  4:52  Drone  
  57  4:56  Drone  
  55  5:02  Drone  
  55  5:06  Queen  
  56  5:08  Drone  
  56  5:12  Drone  
  58  5:15  Drone  
  58  5:18  Drone, Roach  
  62  5:21  Overlord  
  62  5:24  Drone  
  63  5:31  Drone  
  63  5:34  Drone  
  65  5:42  Drone  
  65  5:45  Roach  
  60  5:50  Overseer  
  60  5:51  Overseer  
  60  5:53  Drone  
  60  5:56  Drone  
  51  6:04  Drone  
  49  6:06  Zergling x2  
  46  6:13  Drone  
  46  6:16  Drone  
  48  6:19  Drone  
  48  6:22  Drone  
  48  6:25  Drone, Roach  
  53  6:28  Drone  
  54  6:36  Drone  
  54  6:39  Drone  
  56  6:43  Ravager x2  
  56  6:44  Drone, Roach  
  56  6:47  Overlord  
  61  6:49  Drone  
  61  6:52  Drone  
  63  6:58  Drone  
  65  7:01  Drone  
  65  7:05  Baneling Nest  
  64  7:09  Drone, Evolution Chamber  
  64  7:11  Spore Crawler, Hydralisk  
  64  7:15  Spore Crawler  
  64  7:16  Drone  
  64  7:19  Drone  
  64  7:20  Spore Crawler  
  64  7:22  Drone  
  66  7:25  Drone  
  66  7:26  Overlord  
  67  7:31  Drone  
  67  7:32  Spore Crawler, Hydralisk  
  69  7:39  Spine Crawler  
  69  7:41  Overseer  
  69  7:42  Drone, Spine Crawler  
  68  7:45  Drone  
  68  7:47  Overlord  
  68  7:49  Drone  
  70  7:52  Roach  
  70  7:54  Drone  
  70  7:57  Drone  
  70  7:58  Spine Crawler  
  73  8:03  Spine Crawler  
  73  8:04  Drone  
  73  8:07  Drone  
  73  8:10  Queen  
  76  8:14  Queen  
  76  8:15  Drone, Hydralisk  
  82  8:20  Drone, Overlord  
  82  8:22  Drone  
  82  8:27  Infestation Pit  
  82  8:28  Drone  
  83  8:35  Roach  
  83  8:36  Spire  
  83  8:37  Evolution Chamber, Drone  
  84  8:55  Queen  
  84  9:10  Evolution Chamber  
  84  9:15  Overlord, Pneumatized Carapace  
  84  9:16  Overseer  
  83  9:37  Overlord  
  83  9:40  Overseer  
  82  9:47  Mutalisk  
  82  9:52  Hatchery  
  63  9:57  Mutalisk  
  58  10:02  Hive  
  58  10:06  Mutalisk  
  60  10:10  Overseer  
  60  10:15  Mutalisk  
  62  10:25  Mutalisk  
  64  10:34  Mutalisk  
  66  10:43  Corruptor  
  68  10:53  Mutalisk  
  72  11:05  Drone  
  72  11:07  Spore Crawler  
  72  11:08  Drone, Spore Crawler  
  72  11:10  Spore Crawler  
  74  11:17  Ultralisk Cavern  
Show
View Real Time Build Order
Export as new Build Order

SteazyD Terran 

Build Orders: Liberator Opening, Reaper Expand 

Get SALT Encoding   

  12  0:00  SCV  
  13  0:12  SCV  
  14  0:17  Supply Depot  
  14  0:24  SCV  
  15  0:38  SCV  
  15  0:39  Barracks  
  16  0:44  Refinery  
  16  0:50  SCV  
  17  1:02  SCV  
  18  1:14  SCV  
  19  1:28  Orbital Command  
  19  1:29  Reaper  
  20  1:40  Command Center  
  20  1:51  Supply Depot  
  20  1:53  SCV  
  21  2:02  Marine  
  21  2:05  SCV  
  23  2:09  Factory  
  23  2:15  Refinery  
  23  2:23  SCV  
  23  2:25  Barracks Reactor  
  24  2:35  SCV  
  25  2:47  SCV  
  26  2:55  Starport  
  26  2:59  Orbital Command, SCV  
  26  3:08  Hellion x2  
  30  3:17  SCV  
  31  3:21  Barracks Tech Lab  
  31  3:27  Supply Depot  
  31  3:29  Hellion  
  31  3:30  Hellion  
  31  3:31  SCV x2  
  31  3:32  Liberator  
  40  3:43  SCV x2  
  42  3:51  Hellion x2  
  42  3:52  Supply Depot  
  42  3:54  Marine  
  47  4:01  SCV x2  
  49  4:15  SCV x2  
  51  4:18  Stimpack  
  51  4:20  Marine  
  51  4:23  Command Center  
  52  4:27  SCV x2, Supply Depot  
  54  4:31  Starport Reactor  
  54  4:39  SCV x2  
  56  4:45  Marine  
  56  4:46  Factory Tech Lab  
  56  4:51  SCV x2  
  56  4:52  Barracks  
  59  4:55  Barracks  
  59  4:56  Engineering Bay  
  59  4:57  Engineering Bay  
  59  5:00  Refinery  
  59  5:01  Refinery  
  59  5:08  Siege Tank  
  59  5:12  SCV x2  
  64  5:18  Supply Depot  
  64  5:20  Starport Reactor  
  64  5:24  Terran Infantry Weapons Level 1, Terran Infantry Armor Level 1  
  64  5:25  SCV x2  
  64  5:27  Marine  
  67  5:37  SCV x2  
  67  5:43  Marine x2  
  67  5:48  Supply Depot  
  67  5:49  SCV x2  
  69  5:56  Marine x2  
  67  5:57  Combat Shield  
  67  5:58  Medivac, Siege Tank  
  67  6:01  SCV  
  71  6:06  Marine  
  71  6:07  Marine  
  71  6:08  Marine  
  71  6:09  Medivac  
  71  6:19  Marine x2  
  71  6:24  Marine, Supply Depot x2  
  74  6:30  Hellion  
  76  6:39  Orbital Command  
  76  6:41  Refinery, Marine x4  
  76  6:42  Marine  
  81  6:47  Barracks  
  81  6:49  Medivac x2  
  81  6:52  Barracks  
  85  6:56  Siege Tank  
  88  7:13  Marine x5  
  93  7:17  SCV  
  93  7:18  SCV x2  
  96  7:24  Armory  
  96  7:29  SCV, Supply Depot  
  97  7:30  Medivac x2, SCV x2, Supply Depot  
  97  7:31  Marine x3  
  97  7:33  Siege Tank  
  97  7:36  Marine  
  111  7:37  Barracks Reactor  
  111  7:41  SCV  
  111  7:42  SCV  
  111  7:43  SCV  
  113  7:44  Refinery  
  113  7:52  Supply Depot  
  113  7:53  SCV  
  113  7:54  SCV  
  113  7:55  SCV, Supply Depot  
  116  7:59  Supply Depot  
  116  8:02  Barracks Reactor, Marine x2  
  116  8:03  Marine x3  
  116  8:04  Medivac x2  
  125  8:06  SCV x2  
  127  8:20  Marine x2  
  127  8:21  Marine x5  
  127  8:22  Siege Tank  
  137  8:28  SCV x2  
  137  8:33  Barracks  
  139  8:34  SCV  
  139  8:38  Marine  
  139  8:40  SCV x2  
  143  8:46  SCV  
  144  8:52  SCV  
  143  9:06  Marine x9  
  143  9:07  Siege Tank  
  157  9:10  Liberator  
  157  9:13  Fusion Core  
  157  9:14  Supply Depot  
  157  9:15  Supply Depot  
  156  9:17  Command Center, Liberator  
  159  9:27  Marine x5  
  159  9:28  Marine  
  165  9:43  SCV x3  
  159  9:53  Marine x5  
  159  9:54  Marine x4  
  159  9:55  Siege Tank  
  159  9:56  Liberator  
  172  10:05  Command Center  
  172  10:07  SCV x3  
  172  10:11  Marine x4  
  179  10:15  Marine x4  
  179  10:16  Marine  
  179  10:19  SCV  
  185  10:25  Barracks Reactor  
  185  10:26  Factory  
  185  10:29  Marine x2  
  187  10:40  Barracks  
  187  10:45  Barracks  
  187  10:46  Barracks  
  187  10:48  Barracks  
  187  10:50  Marine x8  
Tags
 
Add a new tag
Caveats
  • Supply blocks, unpowered buildings, or Contaminate may cause inaccurate times.
  • Supply counts are checked every 10 seconds.